 Dungeon Crawl Stone Soup version 0.23.0 (webtiles) character file.

Game seed: 13303213104598907719

416 Flugkiller the Caller (level 6, -1/24 HPs)
             Began as a Felid Summoner on Feb 11, 2019.
             Was a Priest of Elyvilon.
             Slain by a black bear (11 damage)
             ... on level 6 of the Dungeon.
             The game lasted 00:12:57 (7780 turns).

Flugkiller the Caller (Felid Summoner)              Turns: 7780, Time: 00:12:57

Health: -1/24      AC:  2    Str:  4    XL:     6   Next: 60%
Magic:  4/14       EV: 18    Int: 18    God:    Elyvilon [***...]
Gold:   219        SH:  0    Dex: 17    Spells: 1/15 levels left
                                        Lives:  0   Deaths: 1

rFire    . . .     SeeInvis +   (weapon unavailable)
rCold    . . .     Gourm    .   (shield unavailable)
rNeg     . . .     Faith    .   (armour unavailable)
rPois    .         Spirit   .   (helmet unavailable)
rElec    .         Reflect  .   (cloak unavailable)
rCorr    .         Harm     .   (gloves unavailable)
MR       .....                  (boots unavailable)
Stlth    +++.......             (no amulet)
HPRegen  0.08/turn              (no ring)
MPRegen  0.14/turn              (no ring)

@: quick
A: very small, no armour, no weapons or thrown items, stealth, claws 1, fangs 3,
see invisible, carnivore, speed 1, shaggy fur 2, slow metabolism 1, sharp paws
a: Lesser Healing, Heal Other, Purification, Divine Protection, Renounce
Religion


You were on level 6 of the Dungeon.
You worshipped Elyvilon.
Elyvilon was most pleased with you.
You were completely stuffed.

You visited 1 branch of the dungeon, and saw 6 of its levels.

You collected 219 gold pieces.

Inventory:

Missiles
 r - a throwing net
Jewellery
 l - an uncursed ring of wizardry {unknown}
   (You found it on level 4 of the Dungeon)
 n - an uncursed amulet of the gourmand {unknown}
   (You found it on level 2 of the Dungeon)
Wands
 k - a wand of acid (7)
   (You found it on level 3 of the Dungeon)
Scrolls
 a - a scroll of enchant armour {unknown}
 c - 3 scrolls of amnesia {unknown}
 d - 5 scrolls of teleportation {unknown}
 e - 7 scrolls of identify {unknown}
 f - a scroll of immolation {unknown}
 g - 3 scrolls of remove curse {unknown}
 h - a scroll of random uselessness {unknown}
 j - a scroll of blinking
 s - a scroll of fear
Potions
 i - a potion of haste
 m - 2 potions of agility
 o - a potion of flight {unknown}
 p - a potion of curing {unknown}
 q - a potion of brilliance {unknown}
Comestibles
 b - 10 rations


   Skills:
 - Level 2.6 Dodging
 - Level 2.6 Stealth
 + Level 5.0 Spellcasting
 + Level 6.4 Summonings


You had one spell level left.
You knew the following spells:

 Your Spells              Type           Power        Failure   Level  Hunger
a - Summon Small Mammal   Summ           ####         1%          1    None
b - Call Imp              Summ           ####....     1%          2    #......
c - Call Canine Familiar  Summ           ####....     2%          3    ##.....
d - Summon Ice Beast      Ice/Summ       ###.....     34%         4    ####...
e - Summon Lightning Spi  Summ/Air       ###.....     34%         4    ####...

Your spell library contained the following spells:

 Spells                   Type           Power        Failure   Level  Hunger
 Summon Guardian Golem    Hex/Summ       ###.....     11%         3    ##.....


Dungeon Overview and Level Annotations

Branches:
Dungeon (6/15)
 Temple: D:4-7

Altars:
Elyvilon
Gozag
Wu Jian

Shops:
D:4 %[   D:5 %


Innate Abilities, Weirdness & Mutations

You cannot wear armour.
You are incapable of wielding weapons or throwing items.
Your paws allow you to move quietly. (Stealth)
You have sharp claws.
You have razor-sharp teeth.
You have supernaturally acute eyesight. (SInv)
You are carnivorous and can eat meat at any time.
You cover ground quickly.
You are covered in thick fur. (AC +2)
You have a slow metabolism.
Your sharp claws are effective at attacking unaware monsters.


Message History

Your hound bites the black bear.
Your rat bites the black bear but does no damage.
The black bear bites your hound.
The black bear closely misses your hound.
The black bear claws your hound but does no damage.
Your hound bites the black bear.
Your rat bites the black bear.
Your hound bites the black bear.
The black bear bites your hound. The black bear claws your hound.
The black bear barely misses your hound.
Your hound closely misses the black bear.
Your rat bites the black bear.
The black bear bites your hound. The black bear misses your hound.
The black bear closely misses your hound.
Your hound bites the black bear.
Your rat bites the black bear but does no damage.
Your hound bites the black bear.
The black bear goes berserk!
Your hound bites the black bear.
Your rat bites the black bear but does no damage.
The black bear barely misses your hound. x2
The black bear claws your hound. Elyvilon protects your hound from harm!
Casting: Summon Small Mammal (safe; 1% risk of failure)
Confirm with . or Enter, or press ? or * to list all spells.
Your hound disappears in a puff of smoke!
The black bear barely misses your rat. x2; The black bear claws your rat.
Your rat dies!
Your rat's corpse disappears in a puff of smoke!
The black bear bites your hound.
The black bear closely misses your hound.
The black bear claws your hound.
Your hound bites the black bear but does no damage.
The black bear bites your hound! The black bear claws your hound.
Your hound dies!
Your hound's corpse disappears in a puff of smoke!
Found a scroll of fear.
Found an escape hatch in the ceiling.
Casting: Call Canine Familiar (safe; 2% risk of failure)
Confirm with . or Enter, or press ? or * to list all spells.
The black bear bites your hound! The black bear claws your hound.
Your hound dies!
Your hound's corpse disappears in a puff of smoke!
Casting: Call Canine Familiar (safe; 2% risk of failure)
Confirm with . or Enter, or press ? or * to list all spells.
The black bear bites you!
Ouch! That really hurt!
* * * LOW HITPOINT WARNING * * *
The black bear claws you.
* * * LOW HITPOINT WARNING * * *
The black bear closely misses you. The black bear bites you!
You die...

........)..'.....#
...........#.....#
.(.........#.....#
.####..##+#.....########
######..##.####.........###
...............#...........#
.....%.........#.......#...#
............hh.#.......#...#
..............@#.......#...#
...............#.......#...#
#.###.##.##..###.......#..##
#. #+ #.##..#
##+#....#'##### ...?..?
#....#.....# <.......
#....#.....# .......
#....#.....# >...
#....#.....# #....########


You could see a black bear (berserk) and a friendly hound.

Vanquished Creatures
  A leopard gecko (D:3)
  A giant cockroach (D:1)
  A jackal (D:1)
  3 bats
  A rat (D:1)
7 creatures vanquished.

Vanquished Creatures (collateral kills)
  Edmund (D:5)
  2 ice beasts (D:5)
  2 ogres (D:4)
  A scorpion (D:4)
  A gnoll shaman (D:5)
  2 jellies
  Jessica (D:3)
  An orc wizard (D:4)
  Robin (D:3)
  4 gnolls (D:5)
  5 adders
  A shadow imp (D:5)
  An ooze (D:3)
  An adder skeleton (D:5)
  4 worms
  2 dart slugs
  A leopard gecko (D:3)
  15 orcs
  4 giant cockroaches
  14 goblins
  5 hobgoblins (D:1)
  10 jackals
  4 quokkas
  A ball python (D:1)
  3 bats (D:1)
  2 frilled lizards
  5 kobolds
  A leopard gecko skeleton (D:5)
  7 rats
102 creatures vanquished.

Vanquished Creatures (others)
  A quokka (D:3)
1 creature vanquished.

Grand Total: 110 creatures vanquished

Notes
Turn   | Place    | Note
-------+----------+-------------------------------------------
     0 | D:1      | Flugkiller the Felid Summoner began the quest for the Orb.
     0 | D:1      | Reached XP level 1. HP: 7/7 MP: 4/4
   463 | D:1      | Reached XP level 2. HP: 8/11 MP: 1/6
   597 | D:1      | Learned a level 2 spell: Call Imp
  2068 | D:3      | Found an opulent altar of Gozag.
  2074 | D:3      | Reached XP level 3. HP: 14/14 MP: 2/8
  2170 | D:3      | Found a white marble altar of Elyvilon.
  2240 | D:3      | Became a worshipper of Elyvilon the Healer
  3114 | D:3      | Learned a level 3 spell: Call Canine Familiar
  3447 | D:3      | Noticed Jessica
  3467 | D:3      | Killed Jessica
  3467 | D:3      | Reached XP level 4. HP: 18/18 MP: 3/9
  3561 | D:3      | Noticed Robin
  3576 | D:3      | Killed Robin
  3584 | D:3      | Reached skill level 5 in Summonings
  3931 | D:3      | Succumbed to an adder's poison
  3932 | D:3      | Reached XP level 3. HP: 0/14 MP: 8/8
  4126 | D:4      | Noticed an ogre
  4270 | D:4      | Noticed an ogre
  4272 | D:4      | Reached * piety under Elyvilon
  4356 | D:4      | Killed an ogre
  4356 | D:4      | Reached XP level 4. HP: 18/18 MP: 1/10
  5419 | D:4      | Killed an ogre
  5419 | D:4      | Reached XP level 5. HP: 21/21 MP: 3/12
  5526 | D:4      | Found Vyhau's Food Boutique.
  5540 | D:4      | Found Kuodghem's Antique Armour Emporium.
  5711 | D:4      | Learned a level 4 spell: Summon Ice Beast
  6031 | D:4      | Found an ornate altar of the Wu Jian Council.
  6134 | D:5      | Entered Level 5 of the Dungeon
  6141 | D:5      | Noticed an ice beast
  6237 | D:5      | Killed an ice beast
  6367 | D:5      | Reached ** piety under Elyvilon
  6389 | D:5      | Reached skill level 6 in Summonings
  6495 | D:5      | Noticed an ice beast
  6535 | D:5      | Killed an ice beast
  6535 | D:5      | Gained mutation: You are covered in thick fur. (AC +2)
                  | [Felid growth]
  6535 | D:5      | Reached XP level 6. HP: 24/24 MP: 3/13
  6613 | D:5      | Learned a level 4 spell: Summon Lightning Spire
  6774 | D:5      | Noticed Edmund
  6908 | D:5      | Killed Edmund
  7314 | D:5      | Reached skill level 5 in Spellcasting
  7374 | D:5      | Found Liqifaec's Food Shoppe.
  7502 | D:5      | Reached *** piety under Elyvilon
  7780 | D:6      | Slain by a black bear

Skill      XL: |  1  2  3  4  5  6 |
---------------+-------------------+-----
Spellcasting   | 3 4 5 |  5.0
Summonings     | 5 6 |  6.4
Dodging        | |  2.6
Stealth        | |  2.6

Action                   |  1- 3 |  4- 6 || total
-------------------------+-------+-------++-------
Melee: Unarmed           |    44 |     6 ||    50
       Bite              |     5 |       ||     5
 Cast: Summon Small Mamm |    52 |    23 ||    75
       Call Imp          |    30 |       ||    30
       Call Canine Famil |    15 |    59 ||    74
  Use: Scroll            |     2 |     1 ||     3
       Potion            |       |     6 ||     6
 Stab: Sleeping          |     1 |       ||     1
  Eat: Chunk             |    19 |    15 ||    34
Armor: Skin              |    10 |     3 ||    13
Dodge: Dodged            |    79 |    33 ||   112
